 Dungeon Crawl Stone Soup version 0.27.1-33-g824d729ab1 (webtiles) character file.

Game seed: 12211143979481318853

221399 Deranged the Slayer (level 18, -4/156 (182) HPs)
             Began as a Minotaur Fighter on Dec 7, 2021.
             Was the Champion of Okawaru.
             Slain by a ghostly deep elf blademaster (5 damage)
             ... on level 3 of the Elven Halls on Dec 8, 2021.
             The game lasted 03:05:06 (42727 turns).

Deranged the Slayer (Minotaur Fighter)             Turns: 42727, Time: 03:05:06

HP:   -4/156 (182)  AC: 42    Str: 27    XL:     18   Next: 50%
MP:   0/42          EV: 10    Int: 11    God:    Okawaru [******]
Gold: 1399          SH: 19    Dex: 12    Spells: 17/17 levels left

rFire    + + +     SeeInvis +   U - +11 war axe of the Blessed Realm {drain, rC+ rCorr Dex+2}
rCold    + + +     Faith    .   k - +2 kite shield {AC+3}
rNeg     . . .     Spirit   +   G - +10 plate armour of the Salmon {Regen+ MP+9}
rPois    +         Reflect  .   O - +1 hat {SInv}
rElec    +         Harm     .   w - +2 cloak
rCorr    +         Rampage  .   T - +1 pair of gloves
Will     ++...                  V - +0 pair of boots "Mizxanem" {Int+3 Stlth+}
Stlth    ..........             h - amulet of guardian spirit
HPRegen  1.36/turn              Q - ring of the Scarab {rElec rC+ Will+ Str-2 Int+6}
MPRegen  0.28/turn              L - ring of Sitennua {rPois rF+++ rC+ MP+9 Int-3}

@: mighty, heroic, finesse-ful, heavily drained
A: horns 2, retaliatory headbutt
}: 1/15 runes: barnacled
a: Renounce Religion, Heroism, Finesse


You were on level 3 of the Elven Halls.
You worshipped Okawaru.
Okawaru was exalted by your worship.
You visited 6 branches of the dungeon, and saw 31 of its levels.
You also visited: Bailey.

You collected 2981 gold pieces.
You spent 1582 gold pieces at shops.

Inventory:

Hand Weapons
 U - the +11 war axe of the Blessed Realm (weapon) {drain, rC+ rCorr Dex+2}
   (Okawaru gifted it to you on level 4 of the Shoals)

   A truly terrible weapon, it drains the life of any living foe it strikes.
   Dex:       It affects your dexterity (+2).
   rC:        It protects you from cold.
   rCorr:     It protects you from acid and corrosion.
Armour
 j - a scarf of resistance
 k - a +2 kite shield of protection (worn)
 s - the +0 plate armour of Baldness {+Inv rElec Dex-4 Slay+3 SInv}
   (You found it on level 5 of the Dungeon)

   Dex:       It affects your dexterity (-4).
   Slay:      It affects your accuracy & damage with ranged weapons and melee
   (+3).
   rElec:     It insulates you from electricity.
   SInv:      It lets you see invisible.
   +Inv:      It lets you turn invisible.
 v - the +10 plate armour "Cuusm" {rElec}
   (You found it on level 6 of the Lair of Beasts)

   rElec:     It insulates you from electricity.
 w - a +2 cloak (worn)
 G - the +10 plate armour of the Salmon (worn) {Regen+ MP+9}
   (You bought it in a shop on level 2 of the Orcish Mines)

   MP:        It affects your magic capacity (+9).
   Regen:     It increases your rate of health regeneration.
 O - a +1 hat of see invisible (worn)
 T - a +1 pair of gloves (worn)
 V - the +0 pair of boots "Mizxanem" (worn) {Int+3 Stlth+}
   (Okawaru gifted it to you on level 2 of the Elven Halls)

   Int:       It affects your intelligence (+3).
   Stlth:     It makes you more stealthy.
 Y - the +5 ring mail of the Thistle {Dex+4}
   (Okawaru gifted it to you on level 3 of the Lair of Beasts)

   Dex:       It affects your dexterity (+4).
Jewellery
 g - a ring of magical power
 h - an amulet of guardian spirit (around neck)
 B - a +6 ring of dexterity
 E - the amulet "Wyum" {rPois rF+ Regen+ Dex-5}
   (You found it on level 4 of the Shoals)

   [amulet of regeneration]

   Dex:       It affects your dexterity (-5).
   rF:        It protects you from fire.
   rPois:     It protects you from poison.
   Regen:     It increases your rate of health regeneration.
 F - a ring of protection from cold
 H - a ring of willpower
 K - a ring of flight
 L - the ring of Sitennua (right hand) {rPois rF+++ rC+ MP+9 Int-3}
   (You found it on level 4 of the Lair of Beasts)

   [ring of protection from cold]

   Int:       It affects your intelligence (-3).
   rF:        It renders you almost immune to fire.
   rC:        It protects you from cold.
   rPois:     It protects you from poison.
   MP:        It affects your magic capacity (+9).
 Q - the ring of the Scarab (left hand) {rElec rC+ Will+ Str-2 Int+6}
   (You found it on level 4 of the Shoals)

   [ring of intelligence]

   Str:       It affects your strength (-2).
   Int:       It affects your intelligence (+6).
   rC:        It protects you from cold.
   rElec:     It insulates you from electricity.
   Will:      It increases your willpower.
 R - a ring of protection from cold
Wands
 l - a wand of mindburst (48)
 m - a wand of polymorph (61)
 p - a wand of iceblast (33)
 t - a wand of charming (17)
 y - a wand of paralysis (41)
 J - a wand of acid (12)
 P - a wand of digging (3)
Scrolls
 a - 2 scrolls of brand weapon
 b - a scroll of noise
 d - 2 scrolls of immolation
 e - 12 scrolls of teleportation
 n - 2 scrolls of enchant armour
 u - 2 scrolls of identify
 z - 2 scrolls of magic mapping
 A - a scroll of acquirement
 D - 2 scrolls of blinking
 M - 2 scrolls of fear
 N - 4 scrolls of enchant weapon
 W - 3 scrolls of fog
Potions
 c - a potion of heal wounds
 f - 11 potions of curing
 i - 5 potions of flight
 o - a potion of berserk rage
 q - a potion of resistance
 r - 2 potions of haste
 x - 3 potions of brilliance
 C - a potion of might
 I - a potion of ambrosia
 S - 2 potions of invisibility
 X - a potion of cancellation
 Z - a potion of magic


   Skills:
 + Level 21.6(26.6) Fighting
 + Level 18.2(23.2) Axes
 + Level 16.5(21.5) Armour
 + Level 16.4(21.4) Shields
 - Level 4.3 Necromancy
 - Level 10.0 Invocations
 - Level 4.0 Evocations


You had 17 spell levels left.
You didn't know any spells.
Your spell library contained the following spells:

 Spells                   Type           Power      Damage    Failure   Level
 Animate Skeleton         Necr           18%        N/A       26%         1
 Pain                     Necr           36%        1d5       26%         1
 Sublimation of Blood     Necr           4%         N/A       36%         2
 Vampiric Draining        Necr           4%         2d6       58%         3
 Apportation              Tloc           0%         N/A       83%         1
 Beastly Appendage        Tmut           0%         N/A       83%         1
 Corona                   Hex            0%         N/A       83%         1
 Foxfire                  Conj/Fire      0%         2x1d4     83%         1
 Sandblast                Erth           0%         2d4       83%         1
 Sting                    Tmut/Pois      0%         1d3       83%         1
 Summon Small Mammal      Summ           0%         N/A       83%         1
 Blink                    Tloc           N/A        N/A       92%         2
 Passwall                 Tmut/Erth      0%         N/A       92%         2
 Poisonous Vapours        Pois/Air       0%         N/A       92%         2
 Wereblood                Tmut           0%         N/A       92%         2
 Dispel Undead            Necr           9%         3d8       94%         4
 Conjure Flame            Conj/Fire      0%         6-21      99%         3
 Gell's Gravitas          Tloc           0%         N/A       99%         3
 Ignite Poison            Fire/Tmut/Pois 0%         N/A       99%         3
 Inner Flame              Hex/Fire       0%         N/A       99%         3
 Lesser Beckoning         Tloc           0%         N/A       99%         3
 Portal Projectile        Hex/Tloc       0%         N/A       99%         3
 Teleport Other           Tloc           0%         N/A       99%         3
 Olgreb's Toxic Radiance  Pois           0%         N/A       100%        4
 Petrify                  Tmut/Erth      0%         N/A       100%        4
 Blade Hands              Tmut           0%         N/A       100%        5
 Bolt of Magma            Conj/Fire/Erth 0%         4d4       100%        5
 Excruciating Wounds      Necr           4%         N/A       100%        5
 Irradiate                Conj/Tmut      0%         3d13      100%        5
 Lee's Rapid Deconstruct  Erth           0%         3d5*      100%        5
 Manifold Assault         Tloc           0%         N/A       100%        5
 Summon Forest            Summ/Tloc      0%         N/A       100%        5
 Summon Mana Viper        Hex/Summ       0%         N/A       100%        5
 Dispersal                Tloc           0%         N/A       100%        6
 Shadow Creatures         Summ           N/A        N/A       100%        6
 Summon Hydra             Summ           0%         N/A       100%        7
 Death's Door             Necr           4%         N/A       100%        9


Dungeon Overview and Level Annotations

Branches:
Dungeon (15/15)            Temple (1/1) D:6            Lair (6/6) D:10
 Shoals (4/4) Lair:3        Snake (0/4) Lair:4        Slime (0/5) Lair:6
    Orc (2/2) D:12            Elf (3/3) Orc:2        Vaults (0/5) D:13
 Depths (0/5) D:15         Bailey (visited)

Altars:
Ashenzari
Cheibriados
Dithmenos
Elyvilon
Fedhas
Gozag
Hepliaklqana
Kikubaaqudgha
Makhleb
Nemelex Xobeh
Okawaru
Qazlal
Ru
Sif Muna
Trog
Uskayaw
Vehumet
Wu Jian
Xom
Yredelemnul
Zin
The Shining One
Beogh
Jiyva

Shops:
D:3 (   Orc:2 (:*[(   Elf:1 (=*(=   Shoals:2 ?

Annotations:
Lair:4 exclusion: oklob plant
Shoals:1 2 transporters, Deranged's ghost, journeyman GrBe
Elf:3 2 runed translucent doors, kalagan's ghost, adept DECj


Innate Abilities, Weirdness & Mutations

You have a pair of horns on your head.
You reflexively headbutt those who attack you in melee.


Message History

The ghostly deep elf blademaster is heavily damaged.
A deep elf knight comes into view. It is wielding a +0 short sword.
The deep elf sorcerer is engulfed in blazing flames.
A deep elf zephyrmancer comes into view.
It is wielding a +0 rapier.
The deep elf annihilator mumbles some strange words.
The deep elf annihilator blinks!
You completely miss the ghostly deep elf blademaster.
Your headbutt misses the ghostly deep elf blademaster.
The ghostly deep elf blademaster is heavily damaged.
You feel sick.
The ghostly deep elf blademaster hits you but does no damage.
The ghostly deep elf blademaster hits you with a +0 short sword.
You slice the ghostly deep elf blademaster!!
Your headbutt misses the ghostly deep elf blademaster.
The ghostly deep elf blademaster is severely damaged.
The deep elf sorcerer is engulfed in blazing flames.
The deep elf death mage gestures at you while chanting.
The bolt of negative energy hits the +2 mace of protection.
The +2 mace of protection completely resists.
The bolt of negative energy hits the ghostly deep elf blademaster.
The ghostly deep elf blademaster completely resists.
The bolt of negative energy hits you!
You feel drained.
* * * LOW HITPOINT WARNING * * *
You feel very mighty all of a sudden.
You feel sick.
You are no longer poisoned.
The ghostly deep elf blademaster hits you but does no damage.
You block the ghostly deep elf blademaster's attack.
The deep elf death mage casts a spell at you.
The bolt of negative energy hits the ghostly deep elf blademaster.
The ghostly deep elf blademaster completely resists.
The bolt of negative energy hits you!!!
You feel drained.
* * * LOW HITPOINT WARNING * * *
A deep elf archer comes into view. It is wielding a +0 dagger.
The deep elf sorcerer is engulfed in blazing flames.
The deep elf demonologist gestures wildly while chanting.
The deep elf pyromancer gestures wildly while chanting.
You block the ghostly deep elf blademaster's attack.
The ghostly deep elf blademaster hits you with a +0 short sword.
You die... #.## #..# ##.# #.# #.# #.# #.# #.# #@# #e# #eee(°# #.eeeeee..#

....e○EEee.....
...ee2...E.....
...e........§..
.......#....e..
......###$.....


You could see a ghostly deep elf blademaster (drained), a deep elf master
archer, 2 deep elf annihilators, 2 deep elf death magi, 3 deep elf sorcerers, a
deep elf demonologist, a deep elf archer (repels missiles), a deep elf knight, 2
deep elf pyromancers, a deep elf zephyrmancer, a hellion (summoned), 3 fire
elementals and a +2 mace of protection.

Vanquished Creatures
  Nikola (Shoals:4)
  A deep elf master archer (Elf:3)
  Gastronok (Lair:1)
  Polyphemus (Shoals:1)
  An acid blob (Lair:6)
  Frances (Shoals:2)
  Agnes (D:14)
  Ilsuiw (Shoals:2)
  A frost giant (Shoals:4)
  2 deep elf sorcerers
  2 orc warlords (Orc:1)
  A deep elf annihilator (Elf:2)
  Azrael (D:15)
  A dire elephant (Lair:6)
  The ghost of Hais Doe the Tainter, a journeyman NaVM of Sif Muna (Lair:4)
  3 deep elf death magi
  An ettin (D:15)
  2 merfolk javelineers
  Josephine (Lair:4)
  14 hydras
  10 merfolk impalers
  3 boulder beetles
  A vault guard (D:13)
  8 centaur warriors
  An ogre mage (D:15)
  4 merfolk avatars
  A death knight (D:13)
  4 merfolk aquamancers (Shoals:4)
  An alligator snapping turtle (Shoals:4)
  2 catoblepae
  6 two-headed ogres
  A deep troll shaman (Lair:6)
  25 dancing weapons
  3 satyrs
  4 tengu warriors
  27 death yaks
  2 orc high priests
  Urug (D:12)
  9 deep elf knights (Elf:2)
  13 sea snakes
  5 skeletal warriors (D:15)
  A fire crab (shapeshifter) (D:15)
  5 deep elf archers
  10 harpies
  21 deep elf zephyrmancers
  5 orc knights
  Pikel (D:6)
  19 deep elf pyromancers
  5 necromancers
  5 orc sorcerers
  9 ugly things
  12 manticores
  10 cyclopes
  8 fauns
  3 large abominations (Elf:1)
  8 elephants (Lair:6)
  4 black mambas
  9 merfolk sirens
  A gargoyle (D:13)
  A torpor snail (Lair:6)
  13 cane toads
  Joseph (D:8)
  A cane toad (shapeshifter) (Elf:1)
  9 water nymphs
  Maggie (D:6)
  4 rime drakes
  A kobold demonologist (D:11)
  9 komodo dragons
  2 efreet (D:15)
  A yaktaur (D:15)
  10 trolls
  3 meliai (D:14)
  A meliai (shapeshifter) (D:14)
  5 polar bears
  Prince Ribbit (Lair:3)
  28 merfolk
  12 blink frogs
  6 wind drakes
  7 slime creatures
  A dream sheep (shapeshifter) (Elf:1)
  19 dream sheep
  3 snapping turtles
  An air elemental (Elf:2)
  A centaur simulacrum (D:13)
  Sigmund (D:2)
  3 shadows
  5 wraiths (Lair:4)
  8 water elementals
  A vampire (D:14)
  A human (shapeshifter) (D:13)
  Eustachio (D:4)
  10 wyverns
  30 yaks
  3 fire elementals
  6 basilisks
  A steam dragon (D:9)
  16 vampire mosquitoes
  4 wargs
  Edmund (D:6)
  17 water moccasins
  4 hell hounds
  Duvessa (D:6)
  An acid dragon (D:14)
  A hornet zombie (D:7)
  A sky beast (D:6)
  46 orc warriors
  4 black bears
  5 necrophages
  17 wolves
  10 ogres
  34 centaurs
  3 lemures (D:6)
  3 phantoms
  Blork the orc (D:4)
  6 bullfrogs
  4 kobold brigands
  An elf zombie (Elf:1)
  3 gnoll sergeants
  9 scorpions
  An earth elemental (Elf:3)
  A wyvern zombie (D:7)
  Dowan (D:6)
  A water moccasin skeleton (D:6)
  An electric eel (Lair:3)
  2 howler monkeys
  8 wights
  2 bullfrog zombies
  4 centaur zombies (D:7)
  A human zombie (D:7)
  An iron imp (D:5)
  4 hounds
  2 jellies
  7 orc priests
  A bullfrog skeleton (D:7)
  2 centaur skeletons (D:6)
  16 orc wizards
  5 iguanas
  Ijyb (D:4)
  9 hell rats (D:14)
  A killer bee zombie (D:7)
  4 howler monkey zombies
  8 gnolls
  10 adders
  A shadow imp (D:8)
  2 white imps (D:5)
  An adder skeleton (D:4)
  A worm (D:2)
  2 dart slugs (D:1)
  65 orcs
  8 ball pythons
  3 bats (D:1)
  8 endoplasms
  5 giant cockroaches
  11 goblins
  6 hobgoblins
  2 jackals (D:4)
  7 frilled lizards
  14 kobolds
  7 rats
944 creatures vanquished.

Vanquished Creatures (others)
  A dancing weapon (Elf:2)
  A merfolk aquamancer (Shoals:4)
  A deep elf knight (Elf:2)
  A deep elf zephyrmancer (Elf:2)
  A water nymph (Shoals:4)
  2 merfolk (Shoals:4)
  An orc (Orc:1)
  18 fungi
  77 plants
103 creatures vanquished.

Grand Total: 1047 creatures vanquished

Notes
Turn   | Place    | Note
-------+----------+-------------------------------------------
     0 | D:1      | Deranged the Minotaur Fighter began the quest for the Orb.
     0 | D:1      | Reached XP level 1. HP: 19/19 MP: 0/0
    97 | D:1      | Reached XP level 2. HP: 25/26 MP: 1/1
  1001 | D:1      | Reached XP level 3. HP: 31/31 MP: 2/2
  1341 | D:2      | Noticed Sigmund
  1349 | D:2      | Killed Sigmund
  1350 | D:2      | Reached skill level 5 in Axes
  1350 | D:2      | Reached skill level 5 in Shields
  1350 | D:2      | Reached XP level 4. HP: 31/39 MP: 3/3
  1350 | D:2      | Reached XP level 5. HP: 36/45 MP: 4/4
  1384 | D:2      | Found a glowing silver altar of Zin.
  1547 | D:2      | Found a faded altar of an unknown god.
  1557 | D:2      | Got Plato's Reference Book on the Voyage
  1860 | D:3      | Found Kepugh's Weapon Emporium.
  2124 | D:3      | Reached XP level 6. HP: 35/51 MP: 5/5
  2484 | D:3      | Found an opulent altar of Gozag.
  2913 | D:4      | Got the Papyrus of Dusty Changing
  2922 | D:4      | Noticed Blork the orc
  2928 | D:4      | Killed Blork the orc
  3081 | D:4      | Reached XP level 7. HP: 43/57 MP: 6/6
  3260 | D:4      | Noticed Eustachio
  3276 | D:4      | Killed Eustachio
  3560 | D:4      | Noticed Ijyb
  3572 | D:4      | Killed Ijyb
  3661 | D:4      | Reached XP level 8. HP: 45/64 MP: 7/7
  3882 | D:4      | Found a white marble altar of Elyvilon.
  4064 | D:5      | Entered Level 5 of the Dungeon
  4156 | D:4      | Reached skill level 10 in Axes
  4689 | D:5      | Identified the +0 plate armour of Baldness {+Inv rElec
                  | Dex-4 Slay+3 SInv}
  5066 | D:5      | Found a snail-covered altar of Cheibriados.
  5321 | D:6      | Reached XP level 9. HP: 62/70 MP: 8/8
  5363 | D:6      | Noticed Maggie
  5380 | D:6      | Killed Maggie
  5758 | D:6      | Noticed Pikel
  5765 | D:6      | Killed Pikel
  5766 | D:6      | Reached skill level 5 in Armour
  5791 | D:6      | Noticed Duvessa
  5798 | D:6      | Noticed Dowan
  5806 | D:6      | Killed Duvessa
  5809 | D:6      | Killed Dowan
  5854 | D:6      | Noticed Edmund
  5864 | D:6      | Killed Edmund
  5966 | D:6      | Found a staircase to the Ecumenical Temple.
  6066 | Temple   | Entered the Ecumenical Temple
  6297 | Temple   | Became a worshipper of Warmaster Okawaru
  6447 | D:6      | Found a hide-covered altar of Uskayaw.
  6536 | D:7      | Reached skill level 10 in Shields
  6936 | D:7      | Reached * piety under Okawaru
  6937 | D:7      | Reached XP level 10. HP: 78/78 MP: 9/9
  7206 | D:7      | Reached skill level 4 in Fighting
  7264 | D:7      | Found a basalt altar of Yredelemnul.
  7936 | D:8      | Found a bloodstained altar of Trog.
  8284 | D:8      | Noticed Joseph
  8294 | D:8      | Killed Joseph
  8294 | D:8      | Reached ** piety under Okawaru
  8457 | D:8      | Found a hazy altar of Hepliaklqana.
  8680 | D:9      | Reached skill level 5 in Fighting
  9180 | D:9      | Identified the +9 war axe of Watchfulness {pain, rC+ rCorr
                  | Dex-2}
  9365 | D:9      | Found a blossoming altar of Fedhas.
  9509 | D:10     | Entered Level 10 of the Dungeon
  9714 | D:10     | Reached *** piety under Okawaru
  9879 | D:10     | Reached XP level 11. HP: 41/88 MP: 10/10
 10179 | D:10     | Found a staircase to the Lair.
 10401 | D:10     | Reached **** piety under Okawaru
 10610 | D:11     | Noticed a purple ugly thing
 10621 | D:11     | Reached skill level 15 in Axes
 10626 | D:11     | Killed a purple ugly thing
 10735 | D:11     | Found a flagged portal.
 10864 | Bailey   | Entered a bailey
 12351 | Bailey   | Found the +9 staff of Olgreb {rPois∞}
 12351 | Bailey   | Noticed an orc knight
 12361 | Bailey   | Reached ***** piety under Okawaru
 12444 | Bailey   | HP: 3/88 [orc warrior (17)]
 13266 | D:12     | Noticed Urug
 13279 | D:12     | Killed Urug
 13501 | D:12     | Noticed a six-headed hydra
 13502 | D:12     | Identified the +6 short sword of Dashriomo {vorpal, *Rage
                  | Fly rF+ Dex+4} (Okawaru gifted it to you on level 12 of the
                  | Dungeon)
 13502 | D:12     | Received a gift from Okawaru
 13506 | D:12     | Noticed a two-headed ogre
 13521 | D:12     | Reached skill level 6 in Fighting
 13588 | D:12     | Noticed a cyan ugly thing
 14003 | Lair:1   | Entered Level 1 of the Lair of Beasts
 14230 | Lair:1   | Noticed Gastronok
 14263 | Lair:1   | Killed Gastronok
 14264 | Lair:1   | Reached skill level 7 in Fighting
 14264 | Lair:1   | Reached XP level 12. HP: 100/100 MP: 11/11
 14506 | Lair:1   | Received a gift from Okawaru
 14550 | Lair:1   | Noticed a six-headed hydra
 14614 | Lair:1   | Killed a 15-headed hydra
 15449 | Lair:2   | Reached skill level 8 in Fighting
 16186 | Lair:3   | Identified the +0 short sword of Bile {venom, Int+4}
 16202 | Lair:3   | Reached skill level 15 in Shields
 16210 | Lair:3   | Reached skill level 9 in Fighting
 16829 | Lair:3   | Identified the +5 ring mail of the Thistle {Dex+4} (Okawaru
                  | gifted it to you on level 3 of the Lair of Beasts)
 16829 | Lair:3   | Received a gift from Okawaru
 16834 | Lair:3   | Reached skill level 10 in Fighting
 16863 | Lair:3   | Found a staircase to the Shoals.
 16994 | Lair:3   | Noticed Prince Ribbit
 17006 | Lair:3   | Killed Prince Ribbit
 17031 | Lair:3   | Reached skill level 11 in Fighting
 17558 | Lair:4   | Identified the ring of Sitennua {rPois rF+++ rC+ MP+9
                  | Int-3}
 17624 | Lair:4   | Reached XP level 13. HP: 113/116 MP: 12/12
 17624 | Lair:4   | Noticed Josephine
 17634 | Lair:4   | Killed Josephine
 17635 | Lair:4   | Reached skill level 12 in Fighting
 17842 | Lair:4   | Found a staircase to the Snake Pit.
 18138 | Lair:4   | Reached ****** piety under Okawaru
 18597 | Lair:4   | Found a runed translucent gate.
 18839 | Lair:4   | Found a runed translucent gate.
 18840 | Lair:4   | Found a runed translucent gate.
 18842 | Lair:4   | Noticed Hais Doe's ghost (journeyman NaVM)
 18922 | Lair:5   | Reached skill level 13 in Fighting
 18959 | Lair:5   | Received a gift from Okawaru
 19204 | Lair:4   | Killed Hais Doe's ghost
 19205 | Lair:4   | Reached skill level 14 in Fighting
 19205 | Lair:4   | Reached skill level 1 in Invocations
 19300 | Shoals:1 | Entered Level 1 of the Shoals
 19314 | Shoals:1 | Noticed a merfolk impaler
 19330 | Shoals:1 | Killed a merfolk impaler
 19788 | Shoals:1 | Noticed a brown very ugly thing
 19793 | Shoals:1 | Noticed a merfolk impaler
 19846 | Shoals:1 | Noticed Deranged's ghost (journeyman GrBe)
 20236 | Shoals:1 | Found a transporter.
 20240 | Shoals:1 | Found a one-way gate to the infinite horrors of the Abyss.
 20256 | Shoals:1 | Found a transporter.
 20263 | Shoals:1 | Reached skill level 10 in Armour
 20896 | Shoals:2 | Noticed a merfolk impaler
 20923 | Shoals:1 | Killed a merfolk impaler
 21313 | Shoals:2 | Noticed a merfolk impaler
 21328 | Shoals:2 | Killed a merfolk impaler
 21390 | Shoals:2 | Reached XP level 14. HP: 68/133 MP: 16/16
 21699 | Shoals:2 | Noticed Polyphemus
 21704 | Shoals:2 | Received a gift from Okawaru
 21728 | Shoals:2 | Reached skill level 15 in Fighting
 22237 | Shoals:1 | Killed Polyphemus
 22238 | Shoals:1 | Reached skill level 5 in Invocations
 22536 | Shoals:2 | Noticed Ilsuiw
 22558 | Shoals:2 | Killed Ilsuiw
 23269 | Shoals:2 | Found Vadd's Magic Scroll Shop.
 23289 | Shoals:2 | Noticed Frances
 23307 | Shoals:2 | Killed Frances
 23671 | Shoals:3 | Received a gift from Okawaru
 23870 | Shoals:3 | Reached skill level 16 in Fighting
 24921 | Shoals:4 | Entered Level 4 of the Shoals
 25374 | Shoals:4 | Noticed Nikola
 26730 | Shoals:4 | Reached skill level 17 in Fighting
 26964 | Shoals:3 | Reached XP level 15. HP: 40/147 MP: 14/20
 27469 | Shoals:4 | Reached skill level 1 in Necromancy
 28071 | Shoals:4 | Identified the +5 ring mail of Rotation {MP+9 Int-4 Dex+2}
                  | (Okawaru gifted it to you on level 4 of the Shoals)
 28071 | Shoals:4 | Received a gift from Okawaru
 28754 | Shoals:4 | Noticed a frost giant
 28864 | Shoals:4 | Killed a frost giant
 28973 | Shoals:4 | Identified the ring of the Scarab {rElec rC+ Will+ Str-2
                  | Int+6}
 30318 | Shoals:4 | Killed Nikola
 30597 | Shoals:4 | Identified the amulet "Wyum" {rPois rF+ Regen+ Dex-5}
 30862 | Shoals:4 | Found the +7 pair of quick blades "Gyre" and "Gimble"
                  | {protect}
 30869 | Shoals:4 | Reached skill level 18 in Fighting
 31086 | Shoals:4 | Identified the +11 war axe of the Blessed Realm {drain, rC+
                  | rCorr Dex+2} (Okawaru gifted it to you on level 4 of the
                  | Shoals)
 31086 | Shoals:4 | Received a gift from Okawaru
 31134 | Shoals:4 | Got a barnacled rune of Zot
 32002 | D:12     | Found a staircase to the Orcish Mines.
 32583 | D:13     | Reached XP level 16. HP: 106/159 MP: 21/21
 32909 | D:13     | Found a gate to the Vaults.
 33046 | D:14     | Noticed Agnes
 33056 | D:14     | Killed Agnes
 33056 | D:14     | Identified the +8 chain mail of Neofacri {Str+6 Int+7
                  | Slay-2} (Okawaru gifted it to you on level 14 of the
                  | Dungeon)
 33056 | D:14     | Received a gift from Okawaru
 34233 | D:14     | Found a hazy altar of Hepliaklqana.
 34268 | D:14     | Reached skill level 19 in Fighting
 34273 | D:14     | Reached skill level 15 in Armour
 34282 | D:14     | Found a blossoming altar of Fedhas.
 34282 | D:14     | Found a stormy altar of Qazlal.
 34284 | D:14     | Found a sacrificial altar of Ru.
 34284 | D:14     | Found a shadowy altar of Dithmenos.
 34284 | D:14     | Found a shimmering altar of Xom.
 34375 | D:15     | Entered Level 15 of the Dungeon
 34678 | D:15     | Received a gift from Okawaru
 34771 | D:15     | Found a staircase to the Depths.
 34805 | D:15     | Reached skill level 20 in Fighting
 35159 | D:15     | Noticed Azrael
 35172 | D:15     | Killed Azrael
 36144 | Lair:5   | Reached skill level 1 in Evocations
 36383 | Lair:5   | Received a gift from Okawaru
 36957 | Lair:6   | Entered Level 6 of the Lair of Beasts
 37167 | Lair:6   | Reached XP level 17. HP: 152/170 MP: 23/23
 37237 | Lair:6   | Reached skill level 10 in Invocations
 37250 | Lair:6   | Identified the -3 pair of boots "Ceratwoa" {rN++} (Okawaru
                  | gifted it to you on level 6 of the Lair of Beasts)
 37250 | Lair:6   | Received a gift from Okawaru
 37609 | Lair:6   | Identified the +10 plate armour "Cuusm" {rElec}
 37826 | Lair:6   | Identified a scroll of acquirement
 37988 | Lair:6   | Found a runed translucent door.
 37988 | Lair:6   | Found a viscous altar of Jiyva.
 37989 | Lair:6   | Found a staircase to the Slime Pits.
 37989 | Lair:6   | Noticed an acid blob
 37998 | Lair:6   | Killed an acid blob
 38267 | Orc:1    | Entered Level 1 of the Orcish Mines
 38446 | Orc:2    | Entered Level 2 of the Orcish Mines
 38446 | Orc:2    | Found Izuonnih's Antique Armour Emporium.
 39108 | Orc:2    | Found Horomoen's Weapon Boutique.
 39339 | Orc:2    | Found Loboarri's Book Emporium.
 39440 | Orc:2    | Found Yvead's Antique Weapon Shoppe.
 39480 | Orc:2    | Found Muugorphu's General Store.
 39696 | Orc:2    | Found a staircase to the Elven Halls.
 40014 | Elf:1    | Entered Level 1 of the Elven Halls
 40094 | Elf:1    | Found Ufohom's Weapon Shop.
 40121 | Elf:1    | Reached skill level 21 in Fighting
 40215 | Elf:1    | Found Maquxue's General Store.
 40296 | Elf:1    | Found Ukohumenk's Weapon Boutique.
 40426 | Elf:1    | Received a gift from Okawaru
 40905 | Elf:1    | Got Cigotuvi's Incunabulum of Necromancy
 40952 | Elf:1    | Found Hofu Teporch's Jewellery Emporium.
 41099 | Elf:1    | Found Sus Repaf's Jewellery Emporium.
 41412 | Orc:2    | Bought the +10 plate armour of the Salmon {Regen+ MP+9} for
                  | 1582 gold pieces
 41716 | Elf:2    | Paralysed by an air elemental for 1 turns
 41767 | Elf:2    | Reached XP level 18. HP: 124/182 MP: 24/24
 41900 | Elf:2    | Identified the +0 pair of boots "Mizxanem" {Int+3 Stlth+}
                  | (Okawaru gifted it to you on level 2 of the Elven Halls)
 41900 | Elf:2    | Received a gift from Okawaru
 42020 | Elf:2    | Found a runed translucent gate.
 42020 | Elf:2    | Found a runed translucent gate.
 42021 | Elf:2    | Found a runed translucent gate.
 42575 | Elf:3    | Entered Level 3 of the Elven Halls
 42602 | Elf:3    | Found a runed translucent gate.
 42602 | Elf:3    | Found a runed translucent gate.
 42602 | Elf:3    | Noticed kalagan's ghost (adept DECj)
 42701 | Elf:3    | Identified the +10 trident of Breach {vorpal, Fragile
                  | Int+5}
 42727 | Elf:3    | HP: 1/156 [deep elf death mage/bolt of negative energy
                  | (44)]
 42727 | Elf:3    | Slain by a ghostly deep elf blademaster

Illustrated notes

Levels and vault maps discovered:
D:1:      amcnicky_arrival_wind_blow, layout_basic
D:2:      layout_basic, basic_altar, shapermc_ecumenical_altar_rom_forum,
          uniq_sigmund
D:3:      layout_loops_ring, lemuel_round_altar, serial_shops, shop,
          minmay_cut_off
D:4:      layout_cave_pools, nicolae_elyvilon_temple_path, uniq_blork_the_orc,
          uniq_ijyb, uniq_eustachio
D:5:      layout_rooms, slow_altar_1, st_stairs_9
D:6:      layout_rooms, marbit_many_paths, minmay_temple_entry_slanted,
          uniq_duvessa, uniq_edmund, uniq_pikel, uniq_maggie
D:7:      layout_basic, lemuel_mausoleum_altar_yredelemnul,
          minmay_misc_feat_doors
D:8:      layout_layer_cave, bloody_trog, nzn_hepliaklqana_mist_gate,
          uniq_joseph
D:9:      layout_loops_ring, fedhas_altar_4
D:10:     layout_loops_cross, minmay_lair_entry_grove
D:11:     layout_big_octagon, enter_bailey_5
D:12:     layout_cave_pools, kennysheep_orc_monster_closet_entryway, uniq_urug
D:13:     layout_roguey, david_vaults_5, nrook_mini_backslash
D:14:     layout_loops_ring, serial_bayou_pond_c, special_room
          [special_room_mythical_zoo], doesnt_xom_only_xom, uniq_agnes
D:15:     hangedman_depths_entry_civil_slaughter, layout_basic,
          hangedman_decor_push, uniq_azrael
Temple:   eino_temple_water
Lair:1:   layout_long_grid, bh_autumn_forest_stairs, grunt_megastairs_2,
          uniq_gastronok
Lair:2:   layout_small_grid
Lair:3:   layout_cave_pods, elwin_shoals_entry_rooms, uniq_prince_ribbit2
Lair:4:   layout_layer_cave, minmay_snake_entry_six_corridors,
          ebering_ghost_rock_garden, uniq_josephine
Lair:5:   layout_cave_shapes, beast_lair_carwin_8, grunt_megastairs_5
Lair:6:   grunt_lair_end_beastmaster, layout_cave_shapes, slime_altar_2,
          st_stairs_8
Shoals:1: layout_shoals, gammafunk_ghost_abyssal_escape,
          nicolae_shoals_hidden_pirate_stash
Shoals:2: layout_shoals, serial_shops, nicolae_shop_stone, uniq_polyphemus,
          uniq_ilsuiw, uniq_frances
Shoals:3: layout_shoals
Shoals:4: shoals_end_grunt_ice, layout_shoals, nicolae_shoals_water_shrine,
          uniq_nikola
Orc:1:    layout_diamond_mine, basic_altar
Orc:2:    grunt_orc_gardens, layout_caves, grunt_orc_garden, grunt_orc_garden,
          grunt_orc_garden, grunt_orc_garden, serial_shops, shop_fountains
Elf:1:    minmay_elf_arrival_summoners, layout_geoelf_octagon, serial_shops,
          shop, shop, nicolae_lakefront_shop, shop, nicolae_shop_trees,
          minmay_elf_necromancy
Elf:2:    nicolae_elf_blades_splatter_lattice [nooodl_blade_entry_preview],
          layout_geoelf_octagon, serial_sigils_hangedman_gut, corner_web_ring
Elf:3:    minmay_elf_hall, layout_geoelf_octagon, gammafunk_ghost_split

Skill      XL: |  1  2  3  4  5  6  7  8  9 10 11 12 13 14 15 16 17 18 |
---------------+-------------------------------------------------------+-----
Axes           | 3 5 6 7 9 11 13 14 16 17 18 | 18.2
Shields        | 4 5 6 7 8 10 11 13 15 16 | 16.4
Armour         | 6 7 8 9 10 12 14 15 16 | 16.5
Fighting       | 5 7 11 14 17 18 20 21 | 21.6
Invocations    | 4 8 9 10 | 10.0
Necromancy     | 4 |  4.3
Evocations     | 2 4 |  4.0

Action                   |  1- 3 |  4- 6 |  7- 9 | 10-12 | 13-15 | 16-18 || total
-------------------------+-------+-------+-------+-------+-------+-------++-------
Melee: War axe           |    72 |   107 |    50 |   458 |  1004 |   991 ||  2682
       Headbutt          |     7 |    11 |    48 |    83 |   183 |   222 ||   554
       Hand axe          |       |       |   206 |   192 |       |       ||   398
Invok: Heroism           |       |       |       |       |     2 |     2 ||     4
       Finesse           |       |       |       |       |     1 |     1 ||     2
Evoke: Wand              |       |       |       |     1 |       |       ||     1
  Use: Potion            |       |       |     1 |     2 |     6 |     2 ||    11
       Scroll            |       |       |     5 |    10 |     5 |     5 ||    25
Armor: Scale mail        |    27 |    37 |    47 |       |       |       ||   111
       Plate armour      |       |       |    46 |   283 |   429 |   476 ||  1234
Dodge: Dodged            |    18 |    24 |    51 |   124 |   209 |   231 ||   657
Block: Kite shield       |    35 |    44 |   138 |   413 |   671 |   678 ||  1979
